 Dungeon Crawl Stone Soup version 0.31-a0-1074-g0b22e4e0f1 (webtiles) character file.

Game seed: 5199600317605947271

2094 tnk the Slicer (level 9, -4/40 HPs)
             Began as a Spriggan Enchanter on Dec 4, 2023.
             Was a Believer of Hepliaklqana.
             Slain by an orc warlord
             ... wielding a +5 broad axe
              (32 damage)
             ... in a bailey.
             The game lasted 00:24:51 (6365 turns).

tnk the Slicer (Spriggan Enchanter)                 Turns: 6365, Time: 00:24:52

Health: -4/40      AC:  4    Str:  6    XL:     9   Next: 7%
Magic:  0/14       EV: 20    Int: 22    God:    Hepliaklqana [**....]
Gold:   420        SH:  5    Dex: 21    Spells: 6/14 levels left

rFire   . . .        b - +2 short sword (protect)
rCold   . . .        (no shield)
rNeg    . . .        p - +0 robe
rPois   +            (helmet restricted)
rElec   +            q - +1 cloak
rCorr   .            (gloves unavailable)
SInv    +            (boots unavailable)
Will    +....        v - amulet "Xuibaity" {Reflect rElec rPois Int+3 SH+5}
Stlth   ++++         m - +6 ring of dexterity
HPRegen 0.26/turn    (no ring)
MPRegen 0.14/turn

%: reflection
@: very quick
A: reduced essence, very small, no large weapons, unfitting armour, see
invisible, speed 3
a: Renounce Religion, Ancestor Life: Knight, Ancestor Life: Battlemage, Ancestor
Life: Hexer, Recall Ancestor, Ancestor Identity


You were in a bailey.
You worshipped Hepliaklqana.
Hepliaklqana was pleased with you.
You visited 2 branches of the dungeon, and saw 8 of its levels.
You also visited: Sewer and Bailey.

You collected 420 gold pieces.

Inventory:

Hand Weapons
 a - a +1 dagger
 b - a +2 short sword of protection (weapon)
 w - a +0 short sword of electrocution
Missiles
 o - 6 poisoned darts
Armour
 p - a +0 robe (worn)
 q - a +1 cloak (worn)
Jewellery
 m - a +6 ring of dexterity (left hand)
 v - the amulet "Xuibaity" (around neck) {Reflect rElec rPois Int+3 SH+5}
   (You acquired it on level 7 of the Dungeon)

   [amulet of reflection]

   Reflect:   It reflects blocked missile attacks.
   Int+3:     It affects your intelligence (+3).
   rElec:     It insulates you from electricity.
   rPois:     It protects you from poison SH+5: It affects your SH (+5).
Wands
 s - a wand of iceblast (12)
 t - a wand of flame (28)
 y - a wand of paralysis (6)
Scrolls
 e - 3 scrolls of fear
 g - 2 scrolls of butterflies
 j - a scroll of blinking
 k - a scroll of teleportation
 l - 2 scrolls of enchant armour
 u - a scroll of amnesia
 B - a scroll of brand weapon {unknown}
 C - a scroll of enchant weapon {unknown}
 E - a scroll of fog {unknown}
Potions
 c - 2 potions of invisibility
 d - 2 potions of resistance
 f - 2 potions of lignification
 h - a potion of attraction
 i - a potion of haste
 n - a potion of might {unknown}
 r - a potion of ambrosia {unknown}
 x - a potion of brilliance {unknown}
 z - a potion of cancellation
 A - a potion of enlightenment {unknown}
 D - a potion of mutation {unknown}


   Skills:
 + Level 4.0 Fighting
 + Level 9.0 Short Blades
 + Level 5.0 Dodging
 + Level 8.0 Stealth
 + Level 3.0 Spellcasting
 + Level 5.0 Hexes
 + Level 2.0 Ice Magic
 + Level 2.0 Evocations


You had 6 spell levels left.
You knew the following spells:

 Your Spells              Type           Power      Damage    Failure   Level
a - Ensorcelled Hibernat  Hex/Ice        36%        N/A       4%          2
b - Tukima's Dance        Hex            25%        N/A       4%          3
c - Confusing Touch       Hex            25%        N/A       4%          3

Your spell library contained the following spells:

 Spells                   Type           Power      Damage    Failure   Level
 Dazzling Flash           Conj/Hex       28%        N/A       13%         3
 Chain Lightning          Conj/Air       1%         3d2       100%        9
 Fire Storm               Conj/Fire      1%         8d1       100%        9
 Shatter                  Erth           1%         3d6*      100%        9


Dungeon Overview and Level Annotations

Branches:
Dungeon (7/15)             Temple (1/1) D:5           Sewer (visited)
 Bailey (1/1)

Altars:
Ashenzari
Cheibriados
Dithmenos
Elyvilon
Fedhas
Hepliaklqana
Kikubaaqudgha
Makhleb
Okawaru
Qazlal
Sif Muna
Trog
Wu Jian
Xom
Yredelemnul


Innate Abilities, Weirdness & Mutations

Your life essence is reduced to manifest your ancestor. (-10% HP)
You are very small and have problems with some larger weapons.
You are too small for most types of armour.
You have supernaturally acute eyesight. (SInv)
You cover ground extremely quickly. (Speed+++)


Message History

Confirm with . or Enter, or press ? or * to list all spells.
Aiming: Ensorcelled Hibernation (safe; 4% risk of failure)
Press: ? - help, Shift-Dir - straight line, f/p - orc warlord
Aim: an orc warlord, wielding a +5 broad axe and wearing a +0 plate armour (chance to affect: 19%)
The orc warlord resists with almost no effort.
Your magical contamination has completely faded away.
Aiming: Paralyse
Press: ? - help, Shift-Dir - straight line, f/p - orc warlord
Aim: an orc warlord, wielding a +5 broad axe and wearing a +0 plate armour (chance to affect: 21%)
The orc warlord resists with almost no effort.
Aiming: Paralyse
Press: ? - help, Shift-Dir - straight line, f/p - orc warlord
Aim: an orc warlord, wielding a +5 broad axe and wearing a +0 plate armour (chance to affect: 21%)
The orc warlord resists with almost no effort.
The orc warlord splashes around in the water.
Aiming: Paralyse
Press: ? - help, Shift-Dir - straight line, f/p - orc warlord
Aim: an orc warlord, wielding a +5 broad axe and wearing a +0 plate armour (chance to affect: 21%)
The orc warlord resists with almost no effort.
Casting: Ensorcelled Hibernation (safe; 4% risk of failure)
Confirm with . or Enter, or press ? or * to list all spells.
Aiming: Ensorcelled Hibernation (safe; 4% risk of failure)
Press: ? - help, Shift-Dir - straight line, f/p - orc warlord
Aim: an orc warlord, wielding a +5 broad axe and wearing a +0 plate armour (chance to affect: 19%)
The orc warlord resists with almost no effort.
The orc warlord barely misses you.
The orc warlord attacks as it pursues you!
The orc warlord hits you with a +5 broad axe!
Aiming: Paralyse
Press: ? - help, Shift-Dir - straight line, f/p - orc warlord
Aim: an orc warlord, wielding a +5 broad axe and wearing a +0 plate armour (chance to affect: 21%)
The orc warlord resists with almost no effort.
The orc warlord misses you.
Aiming: Paralyse
Press: ? - help, Shift-Dir - straight line, f/p - orc warlord
Aim: an orc warlord, wielding a +5 broad axe and wearing a +0 plate armour (chance to affect: 21%)
The orc warlord resists with almost no effort.
The orc warlord hits you with a +5 broad axe!!
Ouch! That really hurt!
You die...

#..........#)~()~#....
#.......).(')..)('.())
#...8.....(#########((
##......####~~~#~~~##.
##.....#~~#~.....)~#.
##....#~........!~#.
#...##~8.8...8.8##.
#...'~~.........#..
#.@o')~....∩....#..
#...')~.........#..
#...##~8.8...8.8##.
##.)..#~........!~#.
##.....#~~#~.....)~#.
##......####~~~#~~~##.
#...8......#########..
#..........'...(.'....
#.....(...(#~~~(~#....


You could see an orc warlord.

Vanquished Creatures
  Prince Ribbit (D:6)
  2 water moccasins
  5 orc warriors (Bailey)
  A sky beast (D:6)
  An ogre (D:6)
  2 centaurs (D:6)
  Blork the orc (D:4)
  2 scorpions (D:6)
  2 bullfrog zombies (D:5)
  2 hounds
  A sleepcap (D:5)
  3 iguanas
  2 scorpion zombies (D:5)
  5 orc wizards
  A howler monkey zombie (D:5)
  10 adders
  2 gnolls (Bailey)
  A river rat (D:3)
  4 ufetubi
  4 worms (D:3)
  2 dart slugs
  16 orcs
  5 endoplasms
  A giant cockroach (D:2)
  10 hobgoblins
  6 jackals
  6 quokkas
  6 ball pythons
  2 bats
  4 frilled lizards
  9 goblins
  17 kobolds
  15 rats
151 creatures vanquished.

Vanquished Creatures (collateral kills)
  An orc wizard (D:6)
  A shadow imp (D:6)
  An orc (D:6)
  A hobgoblin (Bailey)
4 creatures vanquished.

Vanquished Creatures (others)
  2 dancing weapons (Bailey)
  An orc wizard (D:3)
  An ancestor (D:6)
4 creatures vanquished.

Grand Total: 159 creatures vanquished

Notes
Turn   | Place    | Note
-------+----------+-------------------------------------------
     0 | D:1      | tnk the Spriggan Enchanter began the quest for the Orb.
     0 | D:1      | Reached XP level 1. HP: 9/9 MP: 5/5
   343 | D:1      | Reached XP level 2. HP: 14/14 MP: 6/6
   349 | D:1      | Learned a level 2 spell: Ensorcelled Hibernation
  1009 | D:2      | Reached skill level 2 in Short Blades
  1073 | D:2      | Reached XP level 3. HP: 17/17 MP: 6/8
  1695 | D:3      | Found a shimmering blue altar of Sif Muna.
  1738 | D:3      | Reached skill level 1 in Fighting
  1738 | D:3      | Reached XP level 4. HP: 8/22 MP: 7/9
  1905 | D:3      | Reached skill level 5 in Stealth
  1927 | D:3      | Reached skill level 3 in Short Blades
  1958 | D:3      | Reached skill level 1 in Ice Magic
  1986 | D:3      | Found a glowing drain.
  1996 | Sewer    | Entered a sewer
  2086 | Sewer    | Noticed a water moccasin
  2094 | Sewer    | Killed a water moccasin
  2095 | Sewer    | Reached XP level 5. HP: 25/25 MP: 10/10
  2106 | Sewer    | Learned a level 3 spell: Tukima's Dance
  2381 | D:3      | Found a snail-covered altar of Cheibriados.
  2560 | D:3      | Found a faded altar of an unknown god.
  2681 | D:3      | Reached XP level 6. HP: 26/30 MP: 6/11
  2823 | D:4      | Noticed Blork the orc
  2832 | D:4      | Killed Blork the orc
  2833 | D:4      | Reached skill level 4 in Short Blades
  3110 | D:4      | Learned a level 3 spell: Confusing Touch
  3185 | D:4      | Found a bloodstained altar of Trog.
  3280 | D:4      | Found a shadowy altar of Dithmenos.
  3444 | D:5      | Entered Level 5 of the Dungeon
  3523 | D:5      | Found a staircase to the Ecumenical Temple.
  3585 | Temple   | Entered the Ecumenical Temple
  3630 | Temple   | Became a worshipper of Hepliaklqana the Forgotten
  3984 | D:5      | Reached skill level 5 in Hexes
  4009 | D:5      | Reached XP level 7. HP: 33/33 MP: 12/12
  4071 | D:5      | Found a basalt altar of Yredelemnul.
  4121 | D:5      | Reached skill level 5 in Dodging
  4608 | D:6      | Reached skill level 5 in Short Blades
  4861 | D:6      | Reached XP level 8. HP: 39/39 MP: 13/13
  4896 | D:6      | Found a stormy altar of Qazlal.
  4898 | D:6      | Noticed Prince Ribbit
  5153 | D:6      | Reached skill level 6 in Short Blades
  5218 | D:6      | Identified the +7 scale mail of Varghum {+Inv Will- Slay+3}
  5262 | D:6      | Reached * piety under Hepliaklqana
  5423 | D:6      | Killed Prince Ribbit
  5424 | D:6      | Reached skill level 7 in Short Blades
  5457 | D:6      | Reached skill level 1 in Evocations
  5588 | D:7      | Found an iron altar of Okawaru.
  5633 | D:7      | Identified a scroll of acquirement
  5633 | D:7      | Acquired the amulet "Xuibaity" {Reflect rElec rPois Int+3
                  | SH+5}
  5656 | D:7      | Noticed a slime creature
  5758 | D:7      | Found a flagged portal.
  5770 | Bailey   | Entered a bailey
  5777 | Bailey   | Reached ** piety under Hepliaklqana
  5777 | Bailey   | Noticed an orc warlord
  5911 | Bailey   | Reached skill level 8 in Short Blades
  6076 | Bailey   | Found a runed translucent gate.
  6078 | Bailey   | Found a runed translucent gate.
  6081 | Bailey   | Found a runed translucent gate.
  6133 | Bailey   | Reached XP level 9. HP: 40/40 MP: 6/14
  6137 | Bailey   | Reached skill level 9 in Short Blades
  6365 | Bailey   | Slain by an orc warlord

Illustrated notes

Levels and vault maps discovered:
D:1:      elethiomel_arrival_infinity_welcomes_careful_drivers,
          layout_loops_ring, chequers_big_river
D:2:      minmay_general_purpose_star, layout_basic
D:3:      layout_rooms, nicolae_sif_muna_condensation, cheibrodos_worm_habitat,
          lightli_sewer_entry_pipes, shapermc_ecumenical_altar_notcrosses,
          hex_tiny
D:4:      layout_cave_pools, trog_butcher_becter,
          grunt_dithmenos_smoke_and_mirrors, uniq_blork_the_orc
D:5:      layout_loops_cross, nicolae_yredelemnul_corpse_copse,
          minmay_temple_entry_water_ring, nrook_uturn, nicolae_hexahallways
D:6:      layout_loops_ring, mainiacjoe_overflow_paths, minmay_door_square,
          uniq_prince_ribbit1
D:7:      gammafunk_the_bubble [the_bubble_gammafunk_crates], layout_layer_cave,
          mainiacjoe_overflow_24_doors, lemuel_tele_altar, zin_statuary,
          enter_bailey_2, uniq_pikel
Temple:   nicolae_temple_bog_church
Bailey:   bailey_axe_bossmonster_kennysheep, bailey

Skill      XL: |  1  2  3  4  5  6  7  8  9 |
---------------+----------------------------+-----
Short Blades   | 2 3 4 5 8 9 |  9.0
Dodging        | 3 4 5 |  5.0
Spellcasting   | 3 |  3.0
Fighting       | 1 2 4 |  4.0
Hexes          | 4 5 |  5.0
Stealth        | 5 6 8 |  8.0
Ice Magic      | 1 2 |  2.0
Evocations     | 2 |  2.0

Action                     |  1- 3 |  4- 6 |  7- 9 || total
---------------------------+-------+-------+-------++-------
  Melee: Dagger            |    72 |   125 |       ||   197
         Punch             |       |     6 |     2 ||     8
         Short sword       |       |    39 |   179 ||   218
   Cast: Ensorcelled Hiber |     4 |    25 |    29 ||    58
         Confusing Touch   |       |     2 |     3 ||     5
         Tukima's Dance    |       |       |    11 ||    11
  Evoke: Wand              |       |       |     9 ||     9
    Use: Scroll            |     4 |     6 |     3 ||    13
         Potion            |     2 |       |     4 ||     6
   Stab: Sleeping          |    20 |    32 |    19 ||    71
         Invisible         |     1 |       |       ||     1
         Confused          |       |     2 |     5 ||     7
         Distracted        |       |     1 |     1 ||     2
         Paralysed         |       |       |     1 ||     1
 Armour: Robe              |    17 |    34 |    47 ||    98
  Dodge: Dodged            |    39 |    97 |   104 ||   240
  Block: Other             |       |       |    15 ||    15
         Reflection        |       |       |     5 ||     5

Table legend: (Time is in decaauts)
 A = Elapsed time spent in this place.
 B = Non-inter-level travel time spent in this place.
 C = Inter-level travel time spent in this place.
 D = Time resting spent in this place.
 E = Time spent auto-exploring this place.
 F = Levels seen in this place.
 G = Mean time per level.
                   A        B        C        D        E       F      G
               +--------+--------+--------+--------+--------+-----+--------+
         Total |   4516 |   4393 |    123 |    204 |   2883 |  10 |  451.6 |
       Dungeon |   3886 |   3793 |     93 |     49 |   2728 |   7 |  555.1 |
        Temple |     38 |      8 |     30 |      0 |      0 |   1 |   38.0 |
         Sewer |    114 |    114 |      0 |      0 |     62 |   1 |  114.0 |
        Bailey |    476 |    476 |      0 |    155 |     92 |   1 |  476.0 |
               +--------+--------+--------+--------+--------+-----+--------+

Top non-repeatable levels by time:
     D:3: 759 daAuts
     D:6: 756 daAuts
     D:5: 694 daAuts
     D:1: 662 daAuts
  Bailey: 476 daAuts
     D:4: 442 daAuts
     D:2: 423 daAuts
     D:7: 148 daAuts
   Sewer: 114 daAuts
  Temple: 38 daAuts
